 Dungeon Crawl Stone Soup version 0.31-a0-859-g9dce7d3444 (webtiles) character file.

Game seed: 1930957504008122743

19 Xavori the Cutter (level 2, 0/18 (21) HPs)
             Began as an Octopode Chaos Knight on Oct 10, 2023.
             Was a Plaything of Xom.
             Incinerated by a smoke demon (5 damage)
             ... with a sticky flame
             ... on level 2 of the Dungeon.
             The game lasted 00:01:37 (7920 turns).

Xavori the Cutter (Octopode Chaos Knight)           Turns: 7920, Time: 00:01:38

HP:   0/18 (21)     AC:  3    Str: 10 (11) XL:     2   Next: 75%
MP:   2/2           EV: 13    Int: 13 (14) God:    Xom [......]
Gold: 44            SH:  0    Dex: 11      Spells: 1/1 levels left

rFire   . . .        a - +0 short sword (chaos)
rCold   . . .        (no shield)
rNeg    . . .        (helmet restricted)
rPois   .            (no amulet)
rElec   .            (no ring)
rCorr   .            (no ring)
SInv    .            (no ring)
Will    .....        (no ring)
Stlth   +            (no ring)
HPRegen 0.23/turn    (no ring)
MPRegen 0.08/turn    (no ring)
                     (no ring)

%: no passive effects
@: on fire, glowing, heavily drained
A: almost no armour, amphibious, 8 rings, camouflage 1, gelatinous body 1,
(nimble swimmer 1), tentacles, iridescent scales 1
a: Renounce Religion


You were on level 2 of the Dungeon.
You worshipped Xom.
You were a very special plaything of Xom.
You visited 1 branch of the dungeon, and saw 2 of its levels.

You collected 44 gold pieces.

Inventory:

Hand Weapons
 a - a +0 short sword of chaos (weapon)
Scrolls
 b - a scroll of butterflies
 d - a scroll of amnesia {unknown}
 h - a scroll of summoning {unknown}
Potions
 c - a potion of cancellation {unknown}
 e - a potion of mutation {unknown}
 f - a potion of curing
 g - a potion of enlightenment {unknown}


   Skills:
 + Level 3.3 Fighting
 + Level 3.4 Short Blades
 + Level 2.5 Dodging
 + Level 0.5 Stealth


You had one spell level left.
You didn't know any spells.
Your spell library was empty.

Dungeon Overview and Level Annotations

Branches:
Dungeon (2/15)

Altars:


Innate Abilities, Weirdness & Mutations

You cannot wear most types of armour.
You are amphibious.
You can wear up to eight rings at the same time.
Your skin changes colour to match your surroundings (Stealth+).
Your rubbery body absorbs attacks. (AC +1, EV +1)
((You are camouflaged when in or above water. (Stealth+)))
You have tentacles for arms and can constrict up to eight enemies at once.
You are partially covered in iridescent scales. (AC +2)


Message History

It was a potion of curing.
You feel better.
You start waiting.
Done waiting.
You start waiting.
Done waiting.
You start waiting.
Done waiting.
You start waiting.
Xom complains about the scenery.
You are now a very special plaything of Xom.
You start waiting.
You start waiting.
Your butterfly disappears in a puff of smoke! x3
Your butterfly degenerates into a cloud of primal chaos!
Your butterfly disappears in a puff of smoke! x3
Your butterfly degenerates into a cloud of primal chaos!
Your butterfly disappears in a puff of smoke! x2
Done waiting.
Unknown command.
You start waiting.
Done waiting.
You start waiting.
Done waiting.
You start waiting.
Done waiting.
You start waiting. "Let's see if it's strong enough to survive yet."
A smoke demon is nearby!
A smoke demon is nearby!
The smoke demon gestures at you. The sticky flame hits you.
You are covered in liquid flames!
You climb downwards.
You are covered in liquid flames!
Ouch! That really hurt!
* * * LOW HITPOINT WARNING * * *
There is a stone staircase leading up here.
You are covered in liquid flames!
You die... "It was about time."

#.#######
#.......#
#######.#
#.# ##.##
##...####
#.......#
#.#####<#
#.# #@#
#†# #.#
#.# #.#
#.# #.#
#.. ..#
### ###


There were no monsters in sight!

Vanquished Creatures
  2 dart slugs (D:1)
  An endoplasm (D:1)
  2 goblins (D:1)
  A hobgoblin (D:1)
  A ball python (D:1)
  A bat (D:1)
  A frilled lizard (D:1)
  2 kobolds (D:1)
  6 rats
17 creatures vanquished.

Notes
Turn   | Place    | Note
-------+----------+-------------------------------------------
     0 | D:1      | Xavori the Octopode Chaos Knight began the quest for the
                  | Orb.
     0 | D:1      | Reached XP level 1. HP: 16/16 MP: 1/1
   157 | D:1      | Reached XP level 2. HP: 15/21 MP: 2/2
   246 | D:1      | Found a faded altar of an unknown god.
   502 | D:1      | XOM: silly message
   554 | D:1      | XOM: cast spell 'Leda's Liquefaction'
   561 | D:1      | XOM: fog
   958 | D:1      | XOM: draining
  1101 | D:1      | XOM: noise
  1738 | D:1      | XOM: noise
  2116 | D:1      | XOM is BORED!
  2116 | D:1      | XOM: give mutations
  2116 | D:1      | Gained mutation: You are partially covered in iridescent
                  | scales. (AC +2) [Xom's mischief]
  2116 | D:1      | Gained mutation: You are frail. (-10% HP) [Xom's mischief]
  2116 | D:1      | Lost mutation: You are frail. (-10% HP) [Xom's mischief]
  2373 | D:1      | XOM: stat loss: -1 Str (10/11)
  3983 | D:1      | XOM: god gift: quarterstaff {god gift}
  4224 | D:1      | XOM: silly message
  4285 | D:1      | XOM: stat loss: -1 Int (13/14)
  4446 | D:1      | XOM: summons 2 hostile demons
  4510 | D:2      | XOM: divination: detect creatures
  4902 | D:2      | XOM: divination: detect creatures
  5093 | D:1      | XOM is BORED!
  5093 | D:1      | XOM: silly message
  5743 | D:1      | XOM: silly message
  6042 | D:1      | XOM: silly message
  6098 | D:1      | XOM: silly message
  6132 | D:1      | XOM is BORED!
  6132 | D:1      | XOM: noise
  6607 | D:1      | XOM is BORED!
  6866 | D:1      | XOM: god gift: metallic cyan potion {god gift}
  7506 | D:1      | XOM: scenery: summon butterflies
  7917 | D:1      | XOM: summons 1 hostile demon
  7918 | D:1      | Noticed a smoke demon
  7920 | D:2      | Incinerated by a smoke demon

Illustrated notes

Levels and vault maps discovered:
D:1:      wander_arrival_fairy_ring, layout_basic,
          hellmonk_ecumenical_altar_zigzags, minmay_hedge_maze,
          serial_bayou_lagoon_b
D:2:      layout_loops_ring

Action                     || total
---------------------------++-------
  Melee: Short sword       ||    68
         Constrict         ||     8
         Tentacles         ||    15
    Use: Potion            ||     1
   Stab: Sleeping          ||     5
 Armour: Skin              ||    11
  Dodge: Dodged            ||    11

Table legend: (Time is in decaauts)
 A = Elapsed time spent in this place.
 B = Non-inter-level travel time spent in this place.
 C = Inter-level travel time spent in this place.
 D = Time resting spent in this place.
 E = Time spent auto-exploring this place.
 F = Levels seen in this place.
 G = Mean time per level.
                   A        B        C        D        E       F      G
               +--------+--------+--------+--------+--------+-----+--------+
         Total |   7911 |   7867 |     44 |   7051 |    662 |   2 | 3955.5 |
       Dungeon |   7911 |   7867 |     44 |   7051 |    662 |   2 | 3955.5 |
               +--------+--------+--------+--------+--------+-----+--------+

Top non-repeatable levels by time:
     D:1: 7424 daAuts
     D:2: 486 daAuts
